 Dungeon Crawl Stone Soup version 0.28.0-53-g5a82cb258f (webtiles) character file.

Game seed: 479455793205195503

1628 Ashen the Ogre Mage (level 8, -1/80 HPs)
             Began as an Ogre Warper on June 17, 2022.
             Was a Follower of Vehumet.
             Slain by a bullfrog (7 damage)
             ... on level 6 of the Dungeon.
             The game lasted 00:28:08 (9925 turns).

Ashen the Ogre Mage (Ogre Warper)                   Turns: 9925, Time: 00:28:11

Health: -1/80      AC:  4    Str: 16    XL:     8   Next: 97%
Magic:  3/17       EV: 10    Int: 16    God:    Vehumet [*.....]
Gold:   380        SH:  0    Dex:  8    Spells: 1/19 levels left

rFire   . . .      SeeInvis .   a - +0 mace
rCold   . . .      Faith    .   (no shield)
rNeg    . . .      Spirit   .   b - +1 robe
rPois   .          Reflect  .   (helmet restricted)
rElec   .          Harm     .   (no cloak)
rCorr   .          Rampage  .   (gloves unavailable)
Will    .....                   (boots unavailable)
Stlth   ++........              (no amulet)
HPRegen 0.23/turn               (no ring)
MPRegen 0.15/turn               (no ring)

@: no status effects
A: large, unfitting armour, tough skin 1
a: Renounce Religion


You were on level 6 of the Dungeon.
You worshipped Vehumet.
Vehumet was aware of your devotion.
You visited 1 branch of the dungeon, and saw 6 of its levels.

You collected 380 gold pieces.

Inventory:

Hand Weapons
 a - a +0 mace (weapon)
 h - a +0 giant club
 t - a +0 flail
Missiles
 d - 5 boomerangs of dispersal (quivered)
 f - 2 boomerangs
Armour
 b - a +1 robe (worn)
 l - the +1 robe "Uvummod" {rElec Str+2 Int-5 Stlth+}
   (You found it on level 6 of the Dungeon)

   Str:       It affects your strength (+2).
   Int:       It affects your intelligence (-5).
   rElec:     It insulates you from electricity.
   Stlth:     It makes you more stealthy.
Jewellery
 j - an amulet of faith
Scrolls
 c - a scroll of blinking
 e - a scroll of vulnerability {unknown}
 k - a scroll of enchant weapon {unknown}
 m - a scroll of enchant armour
 n - a scroll of teleportation {unknown}
 o - a scroll of immolation
 q - a scroll of brand weapon {unknown}
 s - a scroll of fear
 u - a scroll of noise {unknown}
Potions
 g - a potion of attraction {unknown}
 i - a potion of heal wounds {unknown}
 p - a potion of invisibility {unknown}
 r - 3 potions of brilliance {unknown}


   Skills:
 - Level 5.0 Fighting
 + Level 3.8 Maces & Flails
 - Level 1.0 Throwing
 + Level 4.1 Dodging
 + Level 2.7 Stealth
 - Level 6.0 Spellcasting
 * Level 4.3 Summonings
 + Level 4.5 Translocations


You had one spell level left.
You knew the following spells:

 Your Spells              Type           Power      Damage    Failure   Level
a - Blink                 Tloc           38%        N/A       3%          2
b - Call Canine Familiar  Summ           18%        N/A       7%          3
c - Gell's Gravitas       Tloc           19%        N/A       6%          3
d - Shock                 Conj/Air       16%        1d4       14%         1
e - Lesser Beckoning      Tloc           19%        N/A       6%          3
f - Teleport Other        Tloc           19%        N/A       6%          3
g - Frozen Ramparts       Ice            8%         1d2       38%         3

Your spell library contained the following spells:

 Spells                   Type           Power      Damage    Failure   Level
 Summon Small Mammal      Summ           72%        N/A       2%          1
 Freeze                   Ice            16%        1d4       14%         1
 Summon Guardian Golem    Hex/Summ       11%        N/A       17%         3
 Manifold Assault         Tloc           19%        N/A       52%         5
 Hailstorm                Conj/Ice       4%         3d4       80%         4


Dungeon Overview and Level Annotations

Branches:
Dungeon (6/15)             Temple (0/1) D:6

Altars:
Cheibriados
Nemelex Xobeh
Vehumet
Yredelemnul

Shops:
D:5 =

Annotations:
D:3 1 runed translucent door


Innate Abilities, Weirdness & Mutations

You are too large for most types of armour.
You have tough skin. (AC +1)


Message History

You blink.
Your hound misses the bullfrog.
Casting: Blink (safe; 3% risk of failure)
Confirm with . or Enter, or press ? or * to list all spells.
Aiming: Shock (safe; 14% risk of failure)
Press: ? - help, Shift-Dir - straight line The zap hits the bullfrog.
The bullfrog is moderately wounded.
The zap misses the bullfrog.
Your hound closely misses the bullfrog.
Casting: Shock (safe; 14% risk of failure)
Confirm with . or Enter, or press ? or * to list all spells.
Okay, then.
The bullfrog misses you.
You feel stable enough to blink again.
Your hound barely misses the bullfrog.
The bullfrog misses you.
Casting: Shock (safe; 14% risk of failure)
Confirm with . or Enter, or press ? or * to list all spells.
You blink.
Your hound closely misses the bullfrog.
Casting: Blink (safe; 3% risk of failure)
Confirm with . or Enter, or press ? or * to list all spells.
Aiming: Teleport Other (dangerous; 6% risk of failure)
Press: ? - help, Shift-Dir - straight line, f - bullfrog
Aim: a bullfrog (moderately wounded, chance to affect: 59%)
The bullfrog resists with significant effort.
Casting: Teleport Other (dangerous; 6% risk of failure)
Confirm with . or Enter, or press ? or * to list all spells.
Aiming: Teleport Other (dangerous; 6% risk of failure)
Press: ? - help, Shift-Dir - straight line, f/p - bullfrog
Aim: a bullfrog (moderately wounded, ally target, chance to affect: 59%)
The bullfrog resists with significant effort.
The bullfrog barely misses you. The bullfrog misses you.
Casting: Teleport Other (dangerous; 6% risk of failure)
Confirm with . or Enter, or press ? or * to list all spells.
Aiming: Teleport Other (dangerous; 6% risk of failure)
Press: ? - help, Shift-Dir - straight line, f/p - bullfrog
Aim: a bullfrog (moderately wounded, ally target, chance to affect: 59%)
The bullfrog looks slightly unstable.
You feel stable enough to blink again.
Your hound bites the bullfrog.
The bullfrog hits you!
You die...

...#..###
##........8... .#...##
##...#..§.§§≈ ###..#
#....#...§§≈≈ # ##.#
#..##..#...§§. ##.##
##..# #..#......
#...####..##
##.....###
##..........###h....##
##......####....F....#
#...##..# #...@##...#
..####..## #...## ####
..# ##..# #.... #.##
#..###..#. #..#
##.....##.
##.####.....#### #
#.........#####.#
#...#####.......#
#.### ##.......#


You could see a bullfrog (ally target) and a friendly hound (summoned).

Vanquished Creatures
  A black bear (D:5)
  A nameless horror (D:5)
  Blork the orc (D:4)
  A bullfrog (D:6)
  A howler monkey (D:6)
  A bullfrog zombie (D:5)
  6 hounds
  2 jellies
  2 bullfrog skeletons (D:4)
  A centaur skeleton (D:5)
  2 orc wizards (D:5)
  4 adders
  2 gnolls (D:5)
  An ufetubus (D:4)
  3 worms (D:3)
  A dart slug (D:2)
  6 orcs
  7 ball pythons
  A bat (D:3)
  6 endoplasms
  3 giant cockroaches
  3 goblins
  10 hobgoblins
  2 jackals (D:1)
  9 kobolds
  4 quokkas
  6 frilled lizards
  7 rats
94 creatures vanquished.

Vanquished Creatures (collateral kills)
  Grinder (D:5)
  An ice beast (D:6)
  An ogre (D:6)
  A centaur (D:6)
  A gnoll sergeant (D:5)
  2 scorpions (D:4)
  A bullfrog skeleton (D:6)
  2 jellies
  An iguana (D:5)
  An orc wizard (D:6)
  A nameless horror (D:4)
  3 gnolls (D:5)
  An adder (D:4)
  2 orcs
  An endoplasm (D:4)
  A giant cockroach (D:4)
  A hobgoblin (D:4)
22 creatures vanquished.

Grand Total: 116 creatures vanquished

Notes
Turn   | Place    | Note
-------+----------+-------------------------------------------
     0 | D:1      | Ashen the Ogre Warper began the quest for the Orb.
     0 | D:1      | Reached XP level 1. HP: 22/22 MP: 3/3
   181 | D:1      | Reached XP level 2. HP: 19/29 MP: 5/5
   614 | D:1      | Reached skill level 3 in Spellcasting
  1100 | D:2      | Reached XP level 3. HP: 37/37 MP: 7/7
  2094 | D:3      | Reached XP level 4. HP: 41/45 MP: 9/9
  2146 | D:3      | Learned a level 2 spell: Blink
  2150 | D:3      | Learned a level 3 spell: Call Canine Familiar
  2154 | D:3      | Learned a level 3 spell: Gell's Gravitas
  2914 | D:3      | HP: 2/45 [orc/+0 short sword (3)]
  3525 | D:3      | Found a runed translucent door.
  3525 | D:3      | Noticed a human
  3571 | D:3      | Found a radiant altar of Vehumet.
  3578 | D:3      | Became a worshipper of Vehumet
  3622 | D:3      | Found a basalt altar of Yredelemnul.
  3773 | D:4      | Reached XP level 5. HP: 26/53 MP: 8/10
  3784 | D:4      | Reached skill level 1 in Stealth
  4361 | D:4      | Reached skill level 4 in Spellcasting
  4424 | D:4      | Reached skill level 1 in Summonings
  4564 | D:4      | Reached XP level 6. HP: 48/62 MP: 9/12
  5051 | D:4      | Found a sparkling altar of Nemelex Xobeh.
  5383 | D:5      | Entered Level 5 of the Dungeon
  5398 | D:5      | Noticed Blork the orc
  5628 | D:5      | Found Vizie's Jewellery Shoppe.
  5638 | D:5      | Reached XP level 7. HP: 60/70 MP: 10/13
  5708 | D:5      | Noticed Grinder
  5836 | D:5      | Killed Grinder
  5992 | D:5      | Reached skill level 5 in Spellcasting
  6065 | D:5      | Noticed a nameless horror
  6385 | D:5      | You fall into a shaft and drop 1 floor!
  6423 | D:6      | HP: 3/71 [something (2)]
  6428 | D:6      | HP: 1/71 [something (3)]
  6475 | D:6      | Reached XP level 8. HP: 21/79 MP: 11/15
  6564 | D:6      | Reached * piety under Vehumet
  6564 | D:6      | Offered knowledge of Shock by Vehumet.
  6567 | D:6      | Learned a level 1 spell: Shock
  6571 | D:6      | Learned a level 3 spell: Lesser Beckoning
  6575 | D:6      | Learned a level 3 spell: Teleport Other
  6736 | D:6      | Found a staircase to the Ecumenical Temple.
  7108 | D:6      | Identified the +1 robe "Uvummod" {rElec Str+2 Int-5 Stlth+}
  7506 | D:6      | HP: 3/79 [orc/+0 whip (5)]
  7521 | D:5      | HP: 2/79 [Blork the orc/magic dart (4)]
  7903 | D:5      | Reached skill level 5 in Fighting
  8081 | D:4      | Killed Blork the orc
  8467 | D:5      | Reached skill level 6 in Spellcasting
  8534 | D:5      | Noticed a troll
  9268 | D:5      | Learned a level 3 spell: Frozen Ramparts
  9540 | D:5      | Found a snail-covered altar of Cheibriados.
  9914 | D:6      | HP: 4/80 [bullfrog (8)]
  9925 | D:6      | Slain by a bullfrog

Illustrated notes

Levels and vault maps discovered:
D:1:      dpeg_arrival_prison, layout_basic
D:2:      layout_rooms
D:3:      layout_loops_corners, lemuel_crystal_altar, dk_yredelemnul_ordeal,
          minmay_fractal_squares_5
D:4:      layout_cave_pods, nemelex_spade_bored_becter
D:5:      layout_basic, cheibriados_altar_1, serial_shops,
          nicolae_stop_n_shop_1, uniq_blork_the_orc, uniq_grinder
D:6:      layout_layer_cave, mainiacjoe_overflow_catwalk,
          lightli_temple_of_fire, minmay_temple_entry_sparse_star,
          nicolae_benzene_ring

Skill      XL: |  1  2  3  4  5  6  7  8 |
---------------+-------------------------+-----
Spellcasting   | 3 4 5 6 |  6.0
Fighting       | 3 4 5 |  5.0
Maces & Flails | 2 3 |  3.8
Translocations | 3 4 |  4.5
Stealth        | 1 2 |  2.7
Summonings     | 1 2 4 |  4.3
Dodging        | 3 4 |  4.1
Throwing       | |  1.0

Action                   |  1- 3 |  4- 6 |  7- 9 || total
-------------------------+-------+-------+-------++-------
Melee: Mace              |   119 |   206 |   172 ||   497
       Punch             |     1 |     4 |     4 ||     9
 Cast: Gell's Gravitas   |       |     6 |       ||     6
       Blink             |       |     3 |     9 ||    12
       Call Canine Famil |       |     9 |    42 ||    51
       Teleport Other    |       |       |     9 ||     9
       Shock             |       |       |     2 ||     2
       Lesser Beckoning  |       |       |     1 ||     1
  Use: Scroll            |       |       |     6 ||     6
       Potion            |       |       |     1 ||     1
 Stab: Sleeping          |       |     2 |     1 ||     3
       Distracted        |       |     1 |     2 ||     3
Armor: Robe              |    41 |    59 |    60 ||   160
Dodge: Dodged            |    67 |   150 |   143 ||   360
